 Dungeon Sprint DCSS version 0.29-a0-821-g66395355a5 (webtiles) character file.

Game seed: 3524031804170680821

51308 mhtbhm the Wrestler (level 14, -32/172 HPs)
             Began as an Ogre Transmuter on July 8, 2022.
             Was an Initiate of Gozag.
             Killed from afar by a fire dragon (70 damage)
             ... with a blast of flame
             ... in the Dungeon (Sprint IX: "|||||||||||||||||||||||||||||").
             The game lasted 00:13:24 (8739 turns).

mhtbhm the Wrestler (Ogre Transmuter)               Turns: 8739, Time: 00:13:25

Health: -32/172    AC: 10    Str: 27    XL:     14   Next: 59%
Magic:  34/36      EV: 13    Int: 14    God:    Gozag
Gold:   4178       SH:  0    Dex:  9    Spells: 39/49 levels left

rFire   x . .      SeeInvis +     - Unarmed
rCold   + + +      Faith    .   (shield currently unavailable)
rNeg    . . .      Spirit   .   (body armour currently unavailable)
rPois   +          Reflect  .   (helmet currently unavailable)
rElec   +          Harm     .   (cloak currently unavailable)
rCorr   .          Rampage  .   (gloves unavailable)
Will    +....      NoTele   +   (boots unavailable)
Stlth   +++.......              (no amulet)
HPRegen 0.38/turn               l - ring "Afaclat" {rElec SInv}
MPRegen 0.25/turn               x - ring of Pantheism {Str+6 Slay+3}

@: ice-form, wereblooded, gold aura
A: freezing attack, amphibious, boosted hp, large, unfitting armour, (tough skin
1)
a: End Transformation, Renounce Religion, Potion Petition, Call Merchant, Bribe
Branch


You were in the Dungeon.
You worshipped Gozag.
Gozag was most pleased with you.
You were a creature of crystalline ice.
You visited 1 branch You collected 15076 gold pieces.
You spent 2290 gold pieces at shops.
You paid 8608 gold pieces to Gozag.

Inventory:

Missiles
 g - 19 large rocks (quivered)
 y - a throwing net
Armour
 a - a +0 robe (melded)
 u - a +0 cloak (melded)
Jewellery
 k - a +2 ring of protection
 l - the ring "Afaclat" (left front paw) {rElec SInv}
   (You bought it in a shop in the Dungeon)

   [ring of see invisible]

   rElec:     It insulates you from electricity.
   SInv:      It lets you see invisible.
 x - the ring of Pantheism (right front paw) {Str+6 Slay+3}
   (You bought it in a shop in the Dungeon)

   [ring of strength]

   Str:       It affects your strength (+6).
   Slay:      It affects your accuracy & damage with ranged weapons and melee
   (+3).
 A - a ring of ice
 B - a ring of poison resistance
 C - a ring of willpower
Wands
 j - a wand of quicksilver (2)
 q - a wand of roots (6)
Scrolls
 h - a scroll of blinking
 i - 2 scrolls of amnesia
 n - a scroll of fear
 p - 4 scrolls of fog
 t - a scroll of summoning
 v - 8 scrolls of enchant armour
 D - 4 scrolls of enchant weapon
 E - a scroll of vulnerability
Potions
 b - a potion of invisibility
 c - 9 potions of curing
 d - 8 potions of heal wounds
 e - 3 potions of haste
 f - 4 potions of magic
 m - 3 potions of berserk rage
 r - 3 potions of attraction
 s - a potion of mutation
 w - a potion of might
 z - a potion of flight


   Skills:
 + Level 10.9 Fighting
 + Level 1.8 Throwing
 + Level 11.4 Dodging
 + Level 8.2 Stealth
 + Level 23.9 Unarmed Combat
 + Level 18.2 Spellcasting
 + Level 14.7 Transmutations
 + Level 10.2 Ice Magic
 + Level 3.9 Evocations


You had 39 spell levels left.
You knew the following spells:

 Your Spells              Type           Power      Damage    Failure   Level
a - Beastly Appendage     Tmut           100%       N/A       0%          1
b - Wereblood             Tmut           52%        N/A       0%          2
c - Spider Form           Tmut/Pois      33%        N/A       1%          3
d - Ice Form              Ice/Tmut       47%        N/A       1%          4

Your spell library contained the following spells:

 Spells                   Type           Power      Damage    Failure   Level


Dungeon Overview and Level Annotations

Branches:
Dungeon (1/1)

Altars:
Cheibriados
Dithmenos
Elyvilon
Fedhas
Gozag
Hepliaklqana
Kikubaaqudgha
Makhleb
Nemelex Xobeh
Okawaru
Qazlal
Ru
Sif Muna
Trog
Uskayaw
Vehumet
Wu Jian
Xom
Yredelemnul
Zin
The Shining One
Jiyva
Lugonu

Shops:
D :**!*?*?[==


Innate Abilities, Weirdness & Mutations

You are a creature of crystalline ice.
You have a powerful freezing melee attack.
You are amphibious.
Your maximum health is increased.
Your armour is entirely melded.
You are incapable of wielding weapons or throwing items.
You are too large for most types of armour.
((You have tough skin. (AC +1)))


Message History

You howl as the wereblood boils in your veins!
The tengu warrior hits you with a +0 halberd!
The tengu warrior pecks you.
The tengu warrior claws you but does no damage.
Unknown command.
You pulverise the tengu warrior!!!
You freeze the tengu warrior.
The tengu warrior is severely wounded.
The tengu warrior hits you but does no damage.
The tengu warrior pecks you but does no damage.
The tengu warrior claws you but does no damage.
Unknown command.
You hit the tengu warrior. You freeze the tengu warrior.
The tengu warrior is almost dead.
You howl as the wereblood boils in your veins!
Unknown command.
You hit the tengu warrior. You freeze the tengu warrior.
The tengu warrior is almost dead.
The tengu warrior hits you with a +0 halberd!
* * * LOW HITPOINT WARNING * * *
The tengu warrior pecks you but does no damage.
The tengu warrior claws you but does no damage.
Unknown command.
You barely miss the tengu warrior.
The tengu warrior is almost dead.
Unknown command.
You closely miss the tengu warrior.
The tengu warrior is almost dead.
The tengu warrior hits you with a +0 halberd!
* * * LOW HITPOINT WARNING * * *
The tengu warrior closely misses you.
The tengu warrior claws you but does no damage.
Unknown command.
You pummel the tengu warrior!! You freeze the tengu warrior.
You feel a bit better.
You kill the tengu warrior!
Unknown command.
The fire dragon breathes flames at you. The blast of flame hits you!!!
The fire burns you terribly!
You die...
Your body crumbles into a pile of gold.

.)))))))).[[[[[[[[........∩.').).
▓▓▓▓▓▓▓▓▓▓▓▓▓▓▓▓▓▓▓▓▓▓▓▓▓▓▓▓▓▓▓▓▓
...)..................[..........
▓♣♣♣♣♣♣♣♣♣♣▓▓▓▓▓▓▓▓▓▓▓▓▓▓▓▓▓▓▓▓▓▓
['[.∩......')))......')))......'.
▓♣♣♣♣♣♣♣♣♣♣▓▓▓▓▓▓▓▓▓▓▓▓▓▓▓▓▓▓▓▓▓▓
.).....))........................
▓▓▓▓▓▓▓▓▓▓▓▓▓▓▓▓▓▓▓▓▓▓▓▓▓▓▓▓▓▓▓▓▓
...')..........$YD....+,,,,,,,,,,
▓▓▓▓▓▓▓▓▓▓▓▓▓▓▓▓▓▓▓▓▓▓▓**********
,,,,,,,,,,,,,,,,,,,,,,,,,,,,,,,,,
*********************************
,,,,,,,,,,,,,,,,,,,,,,,,,,,,,,,,,
*********************************
,,,,,,,,,,,,,,,,,,,,,,,,,,,,,,,,,
*********************************
,,,,,,,+,,,,,,,,,,,,,+,,,,,,,,,,,


You could see a fire dragon (catching breath).

Vanquished Creatures
  Agnes (D)
  2 fire giants (D)
  A frost giant (D)
  A very ugly thing (D)
  A broodmother (D)
  4 stone giants (D)
  A bunyip (D)
  A spark wasp (D)
  2 ettins (D)
  A fire dragon (D)
  Harold (D)
  A rakshasa (D)
  A boulder beetle (D)
  3 ice dragons (D)
  3 hydras (D)
  A catoblepas (shapeshifter) (D)
  A radroach (D)
  A naga warrior (D)
  3 centaur warriors (D)
  A two-headed ogre (D)
  A deep troll shaman (D)
  A vampire mage (D)
  An alligator (D)
  2 tengu warriors (D)
  3 deep troll earth magi (D)
  A naga sharpshooter (D)
  8 orc high priests (D)
  A shock serpent (D)
  A goliath frog (D)
  A salamander mystic (D)
  A swamp dragon (D)
  A glowing orange brain (D)
  A steelbarb worm (D)
  A spriggan druid (D)
  2 lindwurms (D)
  6 orc knights (D)
  A wolf spider (D)
  A will-o-the-wisp (D)
  2 cyclopes (D)
  2 moths of wrath (D)
  A merfolk siren (D)
  2 naga magi (D)
  Maurice (D)
  2 black mambas (D)
  2 manticores (D)
  3 cane toads (D)
  A torpor snail (D)
  A freezing wraith (D)
  A tengu conjurer (D)
  2 merfolk (D)
  A troll (D)
  A polar bear (shapeshifter) (D)
  A hornet (D)
  A troll (shapeshifter) (D)
  2 tyrant leeches (D)
  A blink frog (D)
  A slime creature (D)
  2 snapping turtles (D)
  A spriggan (D)
  A water elemental (D)
  A wyvern (D)
  Eustachio (D)
  A yak (D)
  Grum (D)
  2 redbacks (D)
  2 basilisks (D)
  A vampire mosquito (D)
  A naga (D)
  4 water moccasins (D)
  16 orc warriors (D)
  An ice beast (D)
  A black bear (D)
  2 wolves (D)
  A centaur (D)
  5 bullfrogs (D)
  A wight (D)
  A hound (D)
  2 orc priests (D)
  An iguana (D)
  3 orc wizards (D)
  A shadow imp (D)
  4 worms (D)
  6 orcs (D)
  A ball python (D)
  A bat (D)
  A giant cockroach (D)
  A goblin (D)
  A hobgoblin (D)
161 creatures vanquished.

Vanquished Creatures (others)
  2 foxfires (D)
2 creatures vanquished.

Grand Total: 163 creatures vanquished

Notes
Turn   | Place    | Note
-------+----------+-------------------------------------------
     0 | D        | mhtbhm the Ogre Transmuter began the quest for the Orb.
     0 | D        | Reached XP level 1. HP: 19/19 MP: 3/3
    17 | D        | Reached skill level 3 in Unarmed Combat
    31 | D        | Reached XP level 2. HP: 16/27 MP: 5/5
   148 | D        | Learned a level 2 spell: Wereblood
   153 | D        | Noticed an ice beast
   161 | D        | Reached skill level 5 in Unarmed Combat
   161 | D        | Reached XP level 3. HP: 33/33 MP: 2/8
   164 | D        | Killed an ice beast
   165 | D        | Reached skill level 6 in Unarmed Combat
   165 | D        | Reached XP level 4. HP: 42/42 MP: 3/10
   165 | D        | Reached XP level 5. HP: 49/49 MP: 3/12
   167 | D        | Reached skill level 1 in Stealth
   167 | D        | Reached skill level 7 in Unarmed Combat
   172 | D        | Reached skill level 5 in Spellcasting
   239 | D        | Found a snail-covered altar of Cheibriados.
   239 | D        | Found a shadowy altar of Dithmenos.
   239 | D        | Found a white marble altar of Elyvilon.
   239 | D        | Found a blossoming altar of Fedhas.
   239 | D        | Found an opulent altar of Gozag.
   240 | D        | Found a hazy altar of Hepliaklqana.
   241 | D        | Found a viscous altar of Jiyva.
   242 | D        | Found an ancient bone altar of Kikubaaqudgha.
   243 | D        | Found a corrupted altar of Lugonu.
   244 | D        | Found a burning altar of Makhleb.
   245 | D        | Found a sparkling altar of Nemelex Xobeh.
   246 | D        | Found an iron altar of Okawaru.
   247 | D        | Became a worshipper of Gozag Ym Sagoz the Greedy
   248 | D        | Found a stormy altar of Qazlal.
   249 | D        | Found a sacrificial altar of Ru.
   250 | D        | Found a shimmering blue altar of Sif Muna.
   251 | D        | Found a bloodstained altar of Trog.
   252 | D        | Found a hide-covered altar of Uskayaw.
   253 | D        | Found a radiant altar of Vehumet.
   254 | D        | Found an ornate altar of the Wu Jian Council.
   255 | D        | Found a shimmering altar of Xom.
   256 | D        | Found a basalt altar of Yredelemnul.
   257 | D        | Found a glowing silver altar of Zin.
   258 | D        | Found a glowing golden altar of the Shining One.
   292 | D        | Learned a level 3 spell: Spider Form
   297 | D        | Learned a level 4 spell: Ice Form
  1321 | D        | Noticed a troll
  1321 | D        | Noticed a two-headed ogre
  1321 | D        | Noticed an orc warrior
  1321 | D        | Noticed a centaur
  1325 | D        | Killed a troll
  1326 | D        | Reached skill level 8 in Unarmed Combat
  1326 | D        | Reached skill level 5 in Transmutations
  1326 | D        | Reached XP level 6. HP: 57/57 MP: 6/16
  1330 | D        | Killed a two-headed ogre
  1331 | D        | Reached skill level 5 in Dodging
  1331 | D        | Reached skill level 10 in Unarmed Combat
  1331 | D        | Reached XP level 7. HP: 66/66 MP: 7/19
  1331 | D        | Reached XP level 8. HP: 74/74 MP: 7/20
  1409 | D        | Noticed a boulder beetle
  1409 | D        | Noticed a tengu warrior
  1409 | D        | Noticed a centaur warrior
  1409 | D        | Noticed a cyclops
  1418 | D        | Killed a boulder beetle
  1419 | D        | Reached skill level 11 in Unarmed Combat
  1419 | D        | Reached skill level 10 in Spellcasting
  1419 | D        | Reached skill level 5 in Ice Magic
  1419 | D        | Reached XP level 9. HP: 60/83 MP: 16/23
  1424 | D        | Killed a tengu warrior
  1425 | D        | Reached skill level 12 in Unarmed Combat
  1428 | D        | Killed a centaur warrior
  1429 | D        | Reached skill level 1 in Evocations
  1432 | D        | Killed a cyclops
  1433 | D        | Reached XP level 10. HP: 66/93 MP: 19/25
  1621 | D        | Noticed Grum
  1625 | D        | Reached skill level 13 in Unarmed Combat
  1636 | D        | Killed Grum
  1840 | D        | Noticed a cane toad
  1850 | D        | Reached skill level 5 in Stealth
  1850 | D        | Reached skill level 10 in Transmutations
  1856 | D        | Killed a cane toad
  1875 | D        | Noticed a seven-headed hydra
  1875 | D        | Noticed a cane toad
  1882 | D        | Noticed a cane toad
  1884 | D        | Killed a seven-headed hydra
  1885 | D        | Reached skill level 1 in Throwing
  1885 | D        | Reached skill level 14 in Unarmed Combat
  1886 | D        | Killed a cane toad
  2185 | D        | Bought a potion of attraction for 48 gold pieces
  2185 | D        | Bought a potion of curing for 48 gold pieces
  2185 | D        | Bought a potion of mutation for 128 gold pieces
  2185 | D        | Bought a potion of curing for 48 gold pieces
  2185 | D        | Bought a potion of berserk rage for 80 gold pieces
  2185 | D        | Bought 2 potions of attraction for 96 gold pieces
  2198 | D        | Reached XP level 11. HP: 101/101 MP: 22/27
  2202 | D        | Reached skill level 15 in Unarmed Combat
  2211 | D        | Noticed a lindwurm
  2212 | D        | Noticed a lindwurm
  2226 | D        | Killed a lindwurm
  2227 | D        | Reached skill level 5 in Fighting
  2455 | D        | Killed a lindwurm
  2858 | D        | Noticed Maurice
  2872 | D        | Killed Maurice
  3062 | D        | Reached skill level 16 in Unarmed Combat
  3072 | D        | Noticed an orc knight
  3085 | D        | Killed an orc knight
  3392 | D        | Found Cupnu's Magic Scroll Emporium.
  3392 | D        | Noticed an orc high priest
  3392 | D        | Noticed an orc high priest
  3392 | D        | Noticed an orc knight
  3392 | D        | Noticed an orc high priest
  3392 | D        | Noticed an orc high priest
  3393 | D        | Noticed an orc knight
  3398 | D        | Killed an orc high priest
  3399 | D        | Killed an orc high priest
  3400 | D        | Reached skill level 17 in Unarmed Combat
  3404 | D        | Killed an orc knight
  3406 | D        | Noticed an orc high priest
  3407 | D        | Found Uxyng's General Store.
  3407 | D        | Noticed an orc high priest
  3408 | D        | Killed an orc high priest
  3409 | D        | Noticed an orc knight
  3415 | D        | Found Nikoix's Magic Scroll Emporium.
  3415 | D        | Noticed an orc high priest
  3416 | D        | Killed an orc high priest
  3417 | D        | Reached XP level 12. HP: 66/114 MP: 26/29
  3423 | D        | Found Qoxtyk's Armour Shoppe.
  3423 | D        | Noticed an orc high priest
  3770 | D        | Killed an orc high priest
  3798 | D        | Killed an orc high priest
  3799 | D        | Reached skill level 18 in Unarmed Combat
  3835 | D        | Killed an orc high priest
  3947 | D        | Killed an orc high priest
  4075 | D        | Bought 2 scrolls of blinking for 180 gold pieces
  4077 | D        | Bought a potion of might for 56 gold pieces
  4083 | D        | Bought the ring of Pantheism {Str+6 Slay+3} for 945 gold
                  | pieces
  4093 | D        | Bought a scroll of magic mapping for 42 gold pieces
  4115 | D        | Bought the ring "Afaclat" {rElec SInv} for 493 gold pieces
  4142 | D        | Noticed Eustachio
  4151 | D        | Killed Eustachio
  4176 | D        | Noticed Harold
  4190 | D        | Killed Harold
  4308 | D        | Found the +8 orange crystal plate armour {Archmagi, Int+3
                  | Clar}
  4347 | D        | Bought a scroll labelled INUGAJO ATEM for 26 gold pieces
  4351 | D        | Noticed a centaur warrior
  4351 | D        | Noticed a centaur warrior
  4357 | D        | Killed a centaur warrior
  4360 | D        | Noticed a spark wasp
  4364 | D        | Killed a centaur warrior
  4365 | D        | Noticed a deep troll earth mage
  4369 | D        | Reached skill level 19 in Unarmed Combat
  4372 | D        | Noticed a deep troll shaman
  4373 | D        | Noticed a deep troll earth mage
  4376 | D        | Noticed an anaconda
  4379 | D        | Noticed a stone giant
  4384 | D        | Killed a spark wasp
  4385 | D        | Noticed a stone giant
  4393 | D        | Killed a deep troll earth mage
  4393 | D        | an anaconda changed into a snapping turtle
  4737 | D        | Killed a deep troll shaman
  4738 | D        | Reached skill level 15 in Spellcasting
  4740 | D        | Killed a deep troll earth mage
  4741 | D        | Reached XP level 13. HP: 127/127 MP: 25/32
  4748 | D        | Killed a stone giant
  4793 | D        | Killed a stone giant
  4794 | D        | Reached skill level 20 in Unarmed Combat
  4796 | D        | Noticed an ettin
  4798 | D        | an ettin changed into a seven-headed hydra
  4800 | D        | Noticed an emperor scorpion
  4800 | D        | a seven-headed hydra changed into an emperor scorpion
  4804 | D        | an emperor scorpion changed into a catoblepas
  5041 | D        | Noticed Agnes
  5049 | D        | Killed Agnes
  5233 | D        | Noticed a bunyip
  5246 | D        | Reached skill level 10 in Dodging
  5251 | D        | Killed a bunyip
  5255 | D        | Reached skill level 21 in Unarmed Combat
  5724 | D        | Bought a scroll of fog for 50 gold pieces
  5724 | D        | Bought a scroll of identify for 50 gold pieces
  6824 | D        | Reached skill level 22 in Unarmed Combat
  6833 | D        | Reached XP level 14. HP: 94/140 MP: 30/35
  6833 | D        | Noticed a broodmother
  6850 | D        | Killed a broodmother
  7201 | D        | Noticed a fire giant
  7205 | D        | Reached skill level 10 in Ice Magic
  7205 | D        | Noticed a fire giant
  7380 | D        | Noticed a frost giant
  7857 | D        | Killed a fire giant
  7858 | D        | Reached skill level 10 in Fighting
  8256 | D        | Killed a fire giant
  8257 | D        | Reached skill level 23 in Unarmed Combat
  8470 | D        | Killed a frost giant
  8666 | D        | Noticed a stone giant
  8674 | D        | Killed a stone giant
  8676 | D        | Noticed a cyan very ugly thing
  8686 | D        | Killed a cyan very ugly thing
  8706 | D        | Noticed a stone giant
  8719 | D        | Killed a stone giant
  8739 | D        | Killed from afar by a fire dragon

Illustrated notes

Levels and vault maps discovered:
D:        linesprint [early_d, line_temple, items_1, d_10, items_2, lair_1,
          lair_end, items_3, orc_1, orc_end, items_4, d_15, swamp_1, shoals_1,
          snake_1, spider_1, d_20, vaults_1, items_5, swamp_end, shoals_end,
          snake_end, spider_end, vaults_end, d_27, items_6, zot_1, zot_end,
          crypt_end, forest_end, elf_end, slime_end, tomb_end, abyss_end,
          pan_hell_end]

Skill      XL: |  1  2  3  4  5  6  7  8  9 10 11 12 13 14 |
---------------+-------------------------------------------+-----
Unarmed Combat | 3 5 6 8 10 11 12 14 17 19 22 23 | 23.9
Dodging        | 2 3 4 5 6 8 9 10 11 | 11.4
Transmutations | 2 3 5 7 8 9 10 11 12 13 14 | 14.7
Spellcasting   | 3 4 7 8 10 11 12 13 15 17 18 | 18.2
Stealth        | 2 3 4 5 6 7 8 |  8.2
Ice Magic      | 2 3 5 6 7 8 9 10 | 10.2
Fighting       | 2 3 4 6 7 9 10 | 10.9
Evocations     | 1 2 3 |  3.9
Throwing       | 1 |  1.8

Action                   |  1- 3 |  4- 6 |  7- 9 | 10-12 | 13-15 || total
-------------------------+-------+-------+-------+-------+-------++-------
Melee: Unarmed           |    35 |    14 |    28 |   237 |   188 ||   502
       Kick              |     1 |       |       |       |    11 ||    12
       Punch             |       |       |       |       |     6 ||     6
       Headbutt          |       |       |       |       |     4 ||     4
Throw: Large rock        |       |       |       |     4 |       ||     4
 Cast: Beastly Appendage |     2 |       |       |     1 |     3 ||     6
       Wereblood         |     1 |     1 |     1 |    15 |    13 ||    31
       Ice Form          |       |     1 |     1 |    15 |    12 ||    29
Invok: Call Merchant     |       |       |       |     4 |     3 ||     7
       Potion Petition   |       |       |       |       |     1 ||     1
Evoke: Wand              |       |       |     2 |     7 |     2 ||    11
  Use: Potion            |     1 |     1 |       |       |       ||     2
       Scroll            |       |       |       |     5 |     3 ||     8
 Stab: Distracted        |       |       |       |     6 |     2 ||     8
Armor: Robe              |    12 |       |       |     1 |     1 ||    14
       Skin              |    10 |     5 |     7 |    41 |    30 ||    93
Dodge: Dodged            |    13 |     1 |     7 |    88 |    52 ||   161

Table legend: (Time is in decaauts)
 A = Elapsed time spent in this place.
 B = Non-inter-level travel time spent in this place.
 C = Inter-level travel time spent in this place.
 D = Time resting spent in this place.
 E = Time spent auto-exploring this place.
 F = Levels seen in this place.
 G = Mean time per level.
                   A        B        C        D        E       F      G
               +--------+--------+--------+--------+--------+-----+--------+
         Total |   8580 |   8580 |      0 |   4987 |   1369 |   1 | 8580.0 |
       Dungeon |   8580 |   8580 |      0 |   4987 |   1369 |   1 | 8580.0 |
               +--------+--------+--------+--------+--------+-----+--------+

Top non-repeatable levels by time:
       D: 8580 daAuts
